Map: [ESL] Data-C

Players

TIME (Oliveira) - Winner!

  • Race: Terran Terran

DPGJieShi (Jieshi)

  • Race: Protoss Protoss

Event: DreamHack SC2 Masters 2022 Atlanta (Online)

VOD

Have the link to the VOD?

Description

Time

  • Played on: Oct. 8, 2022, 9:18 a.m.
  • Length: 8:53

All games in this series

Show
View Real Time Build Order
Export as new Build Order

TIME Terran - Winner!

Build Orders: Gas First Reaper Expand 

Get SALT Encoding   

  12  0:00  SCV  
  13  0:12  SCV  
  14  0:17  Supply Depot  
  14  0:24  SCV  
  15  0:31  Refinery  
  15  0:39  SCV  
  16  0:44  Barracks  
  16  0:51  SCV  
  17  1:03  SCV  
  18  1:16  SCV  
  19  1:32  Reaper, Orbital Command  
  20  1:43  Command Center  
  20  1:54  Factory  
  20  1:57  SCV  
  21  2:04  Refinery  
  21  2:08  Barracks Reactor  
  21  2:10  SCV  
  21  2:15  Supply Depot  
  22  2:22  SCV  
  23  2:36  SCV  
  24  2:38  Starport  
  24  2:42  Widow Mine  
  26  2:45  Marine x2  
  26  2:48  SCV  
  29  2:54  Orbital Command  
  29  3:01  SCV  
  29  3:03  Marine x2  
  32  3:06  Widow Mine  
  34  3:15  SCV, Medivac  
  37  3:20  SCV  
  37  3:24  Marine  
  37  3:25  Marine  
  41  3:27  SCV  
  41  3:29  Supply Depot  
  41  3:34  SCV  
  42  3:37  Factory Tech Lab  
  42  3:39  SCV  
  43  3:42  Marine x2  
  43  3:46  SCV  
  46  3:53  Starport Tech Lab  
  45  3:58  Supply Depot, SCV  
  46  4:09  SCV, Siege Tank, Marine x2  
  52  4:16  Raven  
  51  4:25  SCV  
  51  4:26  SCV  
  51  4:28  Marine x2  
  52  4:41  SCV  
  52  4:44  Siege Tank  
  53  4:47  SCV, Marine  
  53  4:48  Marine  
  56  4:54  SCV  
  56  4:55  Barracks  
  56  4:59  Barracks  
  57  5:01  Supply Depot  
  57  5:02  Engineering Bay  
  54  5:14  Supply Depot  
  54  5:22  Marine x2  
  54  5:23  SCV x2  
  54  5:24  Refinery  
  58  5:31  Missile Turret  
  58  5:32  Terran Infantry Weapons Level 1  
  58  5:33  Starport Reactor, Factory Reactor  
  58  5:35  SCV x2  
  60  5:40  Supply Depot, Marine x2  
  62  5:47  SCV x2  
  60  5:53  Stimpack, Combat Shield  
  60  5:54  Marine x2  
  62  5:58  Marine  
  62  5:59  SCV x2  
  62  6:02  Supply Depot  
  65  6:04  Marine  
  65  6:11  SCV x2  
  68  6:17  Marauder x2  
  72  6:23  SCV  
  72  6:24  SCV, Medivac x2  
  75  6:29  Supply Depot  
  75  6:30  Marine x2  
  75  6:31  Refinery  
  75  6:32  Widow Mine x2  
  81  6:35  SCV  
  81  6:37  SCV  
  81  6:39  Marauder  
  85  6:46  Marauder  
  86  6:51  SCV x2  
  87  6:54  Supply Depot x2  
  87  6:55  Marine  
  87  7:01  Supply Depot, Marauder  
  88  7:02  Medivac  
  88  7:05  Medivac  
  92  7:09  Marine x2  
  94  7:16  SCV x2  
  94  7:19  Widow Mine x2  
  94  7:21  Supply Depot  
  100  7:23  Marine  
  100  7:25  Marauder  
  100  7:27  Concussive Shells  
  103  7:30  Marine  
  103  7:34  Marauder  
  98  7:51  Marine  
  98  7:52  Marauder, Marine  
  101  7:59  Medivac  
  101  8:00  Medivac  
  101  8:04  Widow Mine x2  
  109  8:08  Command Center  
  109  8:12  Marine x2  
  112  8:13  Supply Depot, Marauder  
  112  8:14  SCV  
  112  8:16  SCV  
  113  8:26  Marine  
Show
View Real Time Build Order
Export as new Build Order

DPGJieShi Protoss 

Build Orders: 1 Gate Expand, Blink Stalkers, Dark Templar Rush 

Get SALT Encoding   

  12  0:00  Probe  
  13  0:12  Probe  
  14  0:18  Pylon  
  14  0:24  Probe (Chrono Boost)  
  15  0:37  Gateway, Probe (Chrono Boost)  
  16  0:45  Probe (Chrono Boost)  
  16  0:46  Assimilator  
  17  0:51  Probe  
  18  1:03  Probe  
  19  1:16  Probe  
  20  1:25  Cybernetics Core  
  20  1:32  Nexus  
  20  1:39  Pylon  
  20  1:41  Probe  
  20  1:47  Assimilator  
  21  1:53  Probe  
  22  1:58  Stalker (Chrono Boost)  
  22  2:01  Warp Gate  
  24  2:05  Probe  
  25  2:17  Probe  
  25  2:19  Twilight Council  
  26  2:29  Stalker  
  29  2:30  Probe  
  29  2:38  Gateway  
  30  2:45  Probe (Chrono Boost)  
  30  2:46  Probe (Chrono Boost)  
  31  2:54  Probe (Chrono Boost)  
  31  2:56  Probe (Chrono Boost)  
  33  2:59  Dark Shrine  
  33  3:04  Probe  
  34  3:06  Probe  
  35  3:15  Gateway  
  35  3:17  Probe (Chrono Boost)  
  35  3:18  Probe (Chrono Boost)  
  37  3:23  Pylon  
  37  3:29  Probe (Chrono Boost)  
  37  3:30  Probe (Chrono Boost), Assimilator  
  37  3:32  Assimilator  
  39  3:36  Probe (Chrono Boost)  
  39  3:37  Probe (Chrono Boost)  
  41  3:42  Probe  
  41  3:45  Blink (Chrono Boost)  
  42  3:52  Probe  
  42  3:54  Probe  
  44  4:02  Shield Battery  
  44  4:03  Shield Battery  
  44  4:04  Probe  
  44  4:06  Probe  
  46  4:12  Dark Templar x2  
  48  4:19  Dark Templar  
  48  4:20  Probe  
  49  4:27  Probe  
  50  4:32  Probe  
  50  4:39  Probe  
  50  4:44  Probe  
  50  4:50  Stalker x2  
  54  4:56  Pylon  
  54  5:06  Probe x2, Pylon  
  54  5:18  Stalker x3  
  54  5:19  Probe x2  
  62  5:31  Robotics Facility  
  62  5:35  Nexus  
  62  5:44  Shield Battery  
  62  5:46  Pylon  
  62  5:54  Charge (Chrono Boost)  
  62  6:00  Pylon  
  62  6:04  Probe x2, Pylon  
  62  6:06  Dark Templar x2  
  62  6:08  Pylon  
  68  6:16  Probe x2  
  68  6:24  Immortal (Chrono Boost)  
  68  6:27  Robotics Bay  
  68  6:28  Probe  
  68  6:31  Forge  
  68  6:32  Probe  
  72  6:53  Probe  
  73  6:59  Observer (Chrono Boost)  
  74  7:05  Probe x2  
  76  7:17  Extended Thermal Lance (Chrono Boost), Zealot x3, Colossus (Chrono Boost)  
  76  7:21  Photon Cannon  
  88  7:24  Shield Battery  
  88  7:26  Probe, Gateway  
  88  7:27  Pylon  
  88  7:28  Gateway  
  89  7:30  Probe x2, Gateway  
  91  7:37  Dark Templar, Stalker  
  91  7:38  Probe  
  88  7:45  Zealot  
  88  7:50  Observer  
  61  7:59  Colossus (Chrono Boost)  
  61  8:02  Stalker  
  69  8:06  Stalker  
  71  8:16  Nexus  
  71  8:18  Pylon  
  71  8:25  Dark Templar  
  67  8:27  Zealot x2  
  67  8:28  Zealot x2  
  73  8:40  Zealot  
Tags
 
Add a new tag
Caveats
  • Supply blocks, unpowered buildings, or Contaminate may cause inaccurate times.
  • Supply counts are checked every 10 seconds.